 Dungeon Crawl Stone Soup version 0.28-a0-1447-ga5a8893891 (webtiles) character file.

Game seed: 16558359379124836609

13083 vdate the Cleaver (level 12, 0/104 HPs)
             Began as a Hill Orc Monk on Jan 9, 2022.
             Was an Elder of Beogh.
             Slain by a wraith (1 damage)
             ... led by Josephine
             ... on level 1 of the Orcish Mines on Jan 10, 2022.
             The game lasted 00:58:15 (12956 turns).

vdate the Cleaver (Hill Orc Monk)                  Turns: 12956, Time: 00:58:16

Health: 0/104      AC: 17    Str: 28    XL:     12   Next: 2%
Magic:  14/14      EV: 11    Int: 20    God:    Beogh [****..]
Gold:   614        SH:  0    Dex: 15    Spells: 8/11 levels left

rFire   . . .      SeeInvis .   b - +11 mace of Dullness {freeze, *Rage rElec Int+2}
rCold   x . .      Faith    .   (no shield)
rNeg    . . .      Spirit   .   I - +4 chain mail {rPois}
rPois   +          Reflect  .   g - +1 hat
rElec   +          Harm     .   (no cloak)
rCorr   .          Rampage  .   j - +0 pair of gloves of the Dragon {rPois rC- Str+7 Stlth+}
Will    .....      Rage     20% (no boots)
Stlth   ..........              s - amulet of the acrobat
HPRegen 0.27/turn               C - +6 ring of intelligence
MPRegen 0.14/turn               c - +6 ring of strength

@: confused, ambrosia-drunk, slowed, very slow
A: no striking features
a: Renounce Religion, Smiting, Recall Orcish Followers


You were on level 1 of the Orcish Mines.
You worshipped Beogh.
Beogh was greatly pleased with you.
You visited 2 branches of the dungeon, and saw 12 of its levels.
You also visited: Sewer.

You collected 614 gold pieces.

Inventory:

Hand Weapons
 a - a +0 war axe
 b - the +11 mace of Dullness (weapon) {freeze, *Rage rElec Int+2}
   (You found it on level 4 of the Dungeon)

   It freezes those it strikes, dealing additional cold damage.
   It can also slow down cold-blooded creatures.
   Int:       It affects your intelligence (+2).
   rElec:     It insulates you from electricity.
   *Rage:     It berserks you when you make melee attacks (+20% chance).
 r - a +4 battleaxe
 z - a +0 trident of flaming
 J - the +7 great mace of Summer {spect, Str+2 SInv Stlth+}
   (You found it on level 8 of the Dungeon)

   When its wielder attacks, the weapon's spirit leaps out and strikes again.
   The spirit shares a part of any damage it takes with its wielder.
   Str:       It affects your strength (+2).
   SInv:      It lets you see invisible.
   Stlth:     It makes you more stealthy.
 L - a +5 spear of flaming
Missiles
 e - a throwing net
 f - 6 poisoned darts
 t - 2 boomerangs of dispersal (quivered)
 w - 7 boomerangs
 H - 9 curare-tipped darts
Armour
 d - a +3 ring mail of poison resistance
 g - a +1 hat (worn)
 j - the +0 pair of gloves of the Dragon (worn) {rPois rC- Str+7 Stlth+}
   (You found it in a sewer)

   Str:       It affects your strength (+7).
   rC:        It makes you vulnerable to cold.
   rPois:     It protects you from poison.
   Stlth:     It makes you more stealthy.
 I - a +4 chain mail of poison resistance (worn)
 M - a +0 kite shield
 N - a +2 scale mail of fire resistance
 O - a +0 troll leather armour
Jewellery
 c - a +6 ring of strength (right hand)
 s - an amulet of the acrobat (around neck)
 v - a ring of ice
 C - a +6 ring of intelligence (left hand)
 G - a ring of flight
Wands
 q - a wand of charming (3)
 u - a wand of flame (4)
 K - a wand of iceblast (6)
Scrolls
 m - 2 scrolls of silence
 n - 4 scrolls of fog
 p - 4 scrolls of immolation
 y - a scroll of magic mapping
 B - a scroll of amnesia
 D - a scroll of enchant weapon {unknown}
 E - 2 scrolls of identify
Potions
 h - a potion of lignification {unknown}
 k - 3 potions of mutation
 o - a potion of might
 x - 2 potions of berserk rage
 F - 3 potions of brilliance
 P - 9 potions of ambrosia


   Skills:
 + Level 9.1 Fighting
 + Level 11.2(12.9) Axes
 + Level 8.7(10.6) Maces & Flails
 + Level 5.1 Throwing
 + Level 8.9 Armour
 + Level 5.0 Dodging
 + Level 5.5 Stealth
 + Level 2.2 Shields
 * Level 3.3 Invocations
 + Level 3.0 Evocations


You had 8 spell levels left.
You knew the following spells:

 Your Spells              Type           Power      Damage    Failure   Level
a - Dazzling Flash        Conj/Hex       0%         N/A       95%         3

Your spell library contained the following spells:

 Spells                   Type           Power      Damage    Failure   Level
 Magic Dart               Conj           0%         1d3       65%         1
 Searing Ray              Conj           0%         2d4       78%         2
 Stone Arrow              Conj/Erth      0%         3d7       95%         3
 Animate Armour           Summ/Erth      0%         N/A       100%        4
 Fulminant Prism          Conj/Hex       0%         3d6       100%        4
 Agony                    Necr           0%         N/A       100%        5
 Silence                  Hex/Air        0%         N/A       100%        5
 Malign Gateway           Summ/Tloc      0%         N/A       100%        7
 Lehudib's Crystal Spear  Conj/Erth      0%         10d2      100%        8
 Summon Horrible Things   Summ           0%         N/A       100%        8


Dungeon Overview and Level Annotations

Branches:
Dungeon (11/15)            Temple (0/1) D:6            Lair (0/6) D:8
    Orc (1/2) D:10          Sewer (visited)

Altars:
Uskayaw

Shops:
D:7 :


Message History

a +0 dagger; a +0 robe; an orc corpse Throw: 3 boomerangs (disperse)
Press: ? - help, Q - select action, (/) - cycle Shift-Dir - straight line, f - orc knight
Aim: an orc knight, wielding a +3 long sword, wearing a +0 chain mail and quivering bolts (62% to hit)
You throw a boomerang of dispersal.
The boomerang of dispersal hits the orc knight!
The orc knight blinks!
The wraith closely misses you.
The warg closely misses your orc warrior.
The wraith hits you but does no damage. The wraith misses you.
An orc wizard comes into view. It is wielding a +0 dagger.
The wraith barely misses you.
You sock the wraith!
The wraith is moderately damaged.
The orc wizard mumbles some strange words.
The orc wizard flickers and vanishes!
The wraith barely misses you. The wraith closely misses you. x2
The orc knight roars a battlecry!
The wraith hits you.
* * * LOW HITPOINT WARNING * * *
The wraith drains your vigour!
You feel as though you will be slow longer.
Your orc warrior hits the orc knight with a +0 scimitar.
You are confused.
You feel invigorated. The wraith hits you.
* * * LOW HITPOINT WARNING * * *
The wraith drains your vigour!
You feel as though you will be slow longer.
The wraith hits you but does no damage. The wraith barely misses you.
Your orc warrior barely misses the orc knight.
The orc knight barely misses your orc warrior.
The wraith barely misses you.
Your orc warrior barely misses the orc knight.
The wraith hits you but does no damage. The wraith hits you.
* * * LOW HITPOINT WARNING * * *
The wraith drains your vigour!
You feel as though you will be slow longer.
The wraith hits you.
You die...

### ###..##
#.....# ###....
##... ##.#..#
.#... ##)....#
...... ##......#
......
#....W@###.....#
##.$.WWW#.......
##.#hoT#.......
###.)))).#
##.))o## #).)oo.
#...#....#
#..###)))...
#... #))..##


You could see an orc knight (ally target), a troll, 4 wraiths, a warg, an orc
warrior (strong) and 2 friendly orc warriors.

Vanquished Creatures
  Gastronok (D:8)
  Harold (D:7)
  A centaur warrior (D:10)
  A two-headed ogre (D:10)
  A death yak (D:8)
  A gargoyle (D:10)
  A queen bee (D:10)
  A troll (D:10)
  A hornet (D:8)
  A wyvern (D:8)
  9 yaks
  2 basilisks
  A steam dragon (D:7)
  An acid dragon (D:10)
  4 orc warriors
  A water moccasin (D:5)
  A hornet zombie (D:8)
  A sky beast (D:6)
  2 black bears
  An ice beast (D:6)
  A necrophage (D:5)
  5 centaurs
  3 ogres
  2 phantoms (D:6)
  6 kobold brigands
  4 bullfrogs
  A gnoll sergeant (D:10)
  A scorpion (D:4)
  A wyvern skeleton (D:4)
  A water moccasin skeleton (D:5)
  20 killer bees
  The ghost of HallandMoats the Skirmisher, a weakling DsFi (D:4)
  16 wights
  5 howler monkeys
  A bullfrog zombie (D:5)
  3 centaur zombies
  An orc priest (D:10)
  2 hounds
  3 centaur skeletons
  A gnoll shaman (D:6)
  A bullfrog skeleton (D:6)
  4 orc wizards
  2 hound skeletons
  A howler monkey skeleton (D:5)
  6 adders
  15 gnolls
  A river rat (D:3)
  A shadow imp (D:6)
  3 white imps
  2 adder skeletons
  A worm (D:4)
  3 dart slugs
  19 orcs
  4 bats
  3 endoplasms
  7 giant cockroaches
  9 goblins
  3 hobgoblins
  7 jackals
  24 kobolds
  A quokka (D:2)
  9 ball pythons
  4 frilled lizards
  9 rats
  A toadstool (D:1)
251 creatures vanquished.

Vanquished Creatures (collateral kills)
  Josephine (Orc:1)
  A manticore (D:10)
  A centaur zombie (D:10)
  A wraith (Orc:1)
  2 orc warriors (Orc:1)
  2 killer bees (D:10)
  6 orc wizards
  2 orcs (Orc:1)
16 creatures vanquished.

Vanquished Creatures (others)
  An orc knight (Orc:1)
  4 orc warriors
  A killer bee (D:10)
  A wight (D:8)
  2 orc priests
  4 orc wizards
  13 orcs
  2 demonic plants (D:1)
  2 fungi (D:10)
  6 plants (Sewer)
  3 toadstools (D:1)
39 creatures vanquished.

Grand Total: 306 creatures vanquished

Notes
Turn   | Place    | Note
-------+----------+-------------------------------------------
     0 | D:1      | vdate the Hill Orc Monk began the quest for the Orb.
     0 | D:1      | Reached XP level 1. HP: 19/19 MP: 1/1
   185 | D:1      | Reached XP level 2. HP: 12/27 MP: 2/2
   794 | D:1      | Found a faded altar of an unknown god.
   794 | D:1      | Noticed a Tzitzimitl
  1313 | D:1      | Reached XP level 3. HP: 33/33 MP: 3/3
  2615 | D:2      | Reached skill level 5 in Axes
  2863 | D:2      | Reached XP level 4. HP: 31/40 MP: 4/4
  3306 | D:3      | Found a glowing drain.
  3463 | Sewer    | Entered a sewer
  3614 | Sewer    | Identified the +0 pair of gloves of the Dragon {rPois rC-
                  | Str+7 Stlth+}
  3662 | Sewer    | Noticed a kobold brigand
  3662 | Sewer    | Noticed a kobold brigand
  3662 | Sewer    | Noticed a kobold brigand
  3725 | Sewer    | Killed a kobold brigand
  3726 | Sewer    | Reached skill level 1 in Armour
  3726 | Sewer    | Reached XP level 5. HP: 15/47 MP: 5/5
  3872 | Sewer    | Killed a kobold brigand
  3873 | Sewer    | Reached skill level 6 in Axes
  3873 | Sewer    | Reached XP level 6. HP: 19/53 MP: 6/6
  4382 | Sewer    | Reached skill level 5 in Fighting
  5377 | D:4      | Identified the +11 mace of Dullness {freeze, *Rage rElec
                  | Int+2}
  5391 | D:4      | Identified the +6 short sword "Yppineb" {drain, Fragile
                  | MP+9 SInv}
  5474 | D:4      | Reached skill level 7 in Axes
  5474 | D:4      | Reached XP level 7. HP: 61/61 MP: 7/7
  5924 | D:4      | Found a transporter.
  5927 | D:4      | Noticed HallandMoats's ghost (weakling DsFi)
  5932 | D:4      | Found a transporter.
  6108 | D:4      | Reached skill level 1 in Maces & Flails
  6109 | D:4      | Killed HallandMoats's ghost
  6251 | D:5      | Entered Level 5 of the Dungeon
  6588 | D:5      | Reached XP level 8. HP: 40/69 MP: 8/8
  6767 | D:5      | Noticed a yak
  6768 | D:5      | Noticed a yak
  6772 | D:5      | Reached skill level 1 in Throwing
  6787 | D:5      | Killed a yak
  6788 | D:5      | Reached skill level 8 in Axes
  6789 | D:5      | Noticed a yak
  6789 | D:5      | Noticed a yak
  6790 | D:5      | Killed a yak
  6796 | D:5      | Killed a yak
  6803 | D:5      | Killed a yak
  6808 | D:5      | Reached skill level 5 in Armour
  6839 | D:5      | Reached XP level 9. HP: 59/75 MP: 9/9
  6985 | D:5      | Learned a level 3 spell: Dazzling Flash
  7891 | D:6      | Found a staircase to the Ecumenical Temple.
  8334 | D:6      | Reached skill level 5 in Maces & Flails
  9236 | D:7      | Noticed Harold
  9254 | D:7      | Killed Harold
  9255 | D:7      | Reached skill level 5 in Stealth
  9255 | D:7      | Reached XP level 10. HP: 56/86 MP: 10/10
  9467 | D:7      | Found Miutsog's Self-Improvement Boutique.
 10133 | D:8      | Became a worshipper of Beogh the Brigand
 10133 | D:8      | Reached * piety under Beogh
 10133 | D:8      | Reached ** piety under Beogh
 10355 | D:8      | Identified the +7 great mace of Summer {spect, Str+2 SInv
                  | Stlth+}
 10509 | D:8      | Reached skill level 9 in Axes
 10514 | D:8      | Found a staircase to the Lair.
 10514 | D:8      | Noticed a death yak
 10567 | D:8      | Killed a death yak
 10624 | D:8      | Reached skill level 1 in Evocations
 10761 | D:8      | Noticed Gastronok
 10793 | D:8      | Killed Gastronok
 10794 | D:8      | Reached XP level 11. HP: 46/94 MP: 11/11
 11264 | D:8      | Reached skill level 10 in Axes
 11622 | D:9      | You fall into a shaft and drop 2 floors!
 11647 | D:10     | Entered Level 10 of the Dungeon
 11686 | D:10     | Found a staircase to the Orcish Mines.
 11910 | D:10     | Reached *** piety under Beogh
 12071 | D:10     | Found a hide-covered altar of Uskayaw.
 12175 | D:10     | Upgraded the game from 0.28-a0-1435-g82390b3a13 to
                  | 0.28-a0-1447-ga5a8893891
 12260 | D:10     | Noticed a two-headed ogre
 12269 | D:10     | Killed a two-headed ogre
 12270 | D:10     | Reached skill level 11 in Axes
 12292 | D:10     | Noticed a manticore
 12434 | D:10     | Reached skill level 5 in Throwing
 12435 | D:10     | Reached skill level 1 in Shields
 12450 | D:10     | Reached skill level 1 in Invocations
 12753 | D:10     | Noticed a centaur warrior
 12759 | D:10     | Killed a centaur warrior
 12800 | D:10     | Killed a manticore
 12901 | Orc:1    | Entered Level 1 of the Orcish Mines
 12922 | Orc:1    | Noticed Josephine
 12926 | Orc:1    | Reached **** piety under Beogh
 12946 | Orc:1    | Noticed an orc knight
 12952 | Orc:1    | HP: 2/91 [wraith[Josephine] (10)]
 12952 | Orc:1    | Killed Josephine
 12953 | Orc:1    | Reached skill level 5 in Dodging
 12953 | Orc:1    | Reached XP level 12. HP: 2/104 MP: 14/14
 12956 | Orc:1    | Slain by a wraith

Illustrated notes

Levels and vault maps discovered:
D:1:      ldierk_water_garden, layout_loops_ring,
          dreamdust_ecumenical_altar_sealed_demon, st_stairs_12,
          minmay_box_of_dots
D:2:      layout_basic
D:3:      layout_loops_ring, portal_sewer_entry_a, minmay_fountain_box
D:4:      layout_rooms, serial_corexii_hall, chequers_hall_statues_corner_a,
          corexii_hall_statues_l, chequers_hall_statues_corner_a,
          corexii_hall_statues_i, gammafunk_ghost_mausoleum
D:5:      layout_basic, roderic_roman_lattice, nrook_loot_triangle
D:6:      layout_loops_ring, minmay_temple_entry_mini_moons,
          minmay_strange_pillars
D:7:      layout_basic, nicolae_shop_self_help, uniq_harold
D:8:      layout_gridville, david_lair_generic, sigmund_army, uniq_gastronok
D:9:      layout_small_grid, st_stairs_11, minivault_4, nzn_life_drinkers
D:10:     minmay_chambers_of_sixes, layout_rooms, mainiacjoe_overflow_boulevard,
          david_orc_3, special_room [special_room_bee]
D:11:     layout_roguey, grunt_decor_resistance, uniq_fannar
Orc:1:    layout_diamond_mine, bloody_makhleb, uniq_josephine

Skill      XL: |  1  2  3  4  5  6  7  8  9 10 11 |
---------------+----------------------------------+-----
Fighting       | 4 5 6 7 8 9 |  9.1
Axes           | 5 6 7 8 9 11 | 11.2
Stealth        | 2 3 5 |  5.5
Dodging        | 3 4 5 |  5.0
Armour         | 1 2 3 5 6 8 |  8.9
Maces & Flails | 2 4 6 7 8 |  8.7
Throwing       | 1 2 3 5 |  5.1
Evocations     | 2 3 |  3.0
Shields        | 2 |  2.2
Invocations    | 3 |  3.3

Action                   |  1- 3 |  4- 6 |  7- 9 | 10-12 || total
-------------------------+-------+-------+-------+-------++-------
Melee: Hand axe          |   136 |   188 |       |       ||   324
       Punch             |       |     1 |     4 |     3 ||     8
       Mace              |       |     8 |   147 |   125 ||   280
       War axe           |       |       |    34 |   132 ||   166
       Short sword       |       |       |    20 |       ||    20
       Great mace        |       |       |       |     8 ||     8
Throw: Dart              |       |     8 |    32 |    48 ||    88
       Boomerang         |       |       |       |     4 ||     4
       Throwing net      |       |       |       |     3 ||     3
Invok: Convert to Beogh  |       |       |       |     1 ||     1
Evoke: Wand              |       |       |       |    24 ||    24
  Use: Scroll            |     2 |     7 |     2 |     7 ||    18
       Potion            |       |     3 |       |     9 ||    12
 Stab: Sleeping          |     4 |     4 |     8 |       ||    16
       Distracted        |       |       |     1 |     1 ||     2
Armor: Robe              |    19 |       |       |       ||    19
       Ring mail         |     2 |    80 |    86 |       ||   168
       Chain mail        |       |       |       |   215 ||   215
Dodge: Dodged            |    79 |   114 |   140 |   268 ||   601
Block: Kite shield       |       |       |       |    48 ||    48

Table legend: (Time is in decaauts)
 A = Elapsed time spent in this place.
 B = Non-inter-level travel time spent in this place.
 C = Inter-level travel time spent in this place.
 D = Time resting spent in this place.
 E = Time spent auto-exploring this place.
 F = Levels seen in this place.
 G = Mean time per level.
                   A        B        C        D        E       F      G
               +--------+--------+--------+--------+--------+-----+--------+
         Total |  13310 |  13074 |    236 |   4002 |   5928 |  13 | 1023.8 |
       Dungeon |  11993 |  11757 |    236 |   3474 |   5689 |  11 | 1090.3 |
  Orcish Mines |     69 |     69 |      0 |      0 |      0 |   1 |   69.0 |
         Sewer |   1247 |   1247 |      0 |    528 |    239 |   1 | 1247.0 |
               +--------+--------+--------+--------+--------+-----+--------+

Top non-repeatable levels by time:
     D:2: 1612 daAuts
     D:1: 1558 daAuts
     D:8: 1473 daAuts
     D:6: 1401 daAuts
     D:7: 1379 daAuts
    D:10: 1320 daAuts
   Sewer: 1247 daAuts
     D:5: 1211 daAuts
     D:4: 1003 daAuts
     D:3: 947 daAuts
   Orc:1: 69 daAuts
     D:9: 60 daAuts
    D:11: 24 daAuts
